 Dungeon Crawl Stone Soup version 0.25-b1-23-ge2ad7d536c (webtiles) character file.

Game seed: 8465571667123282656, levelgen mode: deterministic

603 Esekla the Magician (level 7, -3/52 HPs)
             Began as a Barachi Venom Mage on June 1, 2020.
             Was an Initiate of Ashenzari.
             Slain by Grinder (4 damage)
             ... while paralysed by Grinder
             ... on level 5 of the Dungeon on June 2, 2020.
             The game lasted 00:31:24 (5242 turns).

Esekla the Magician (Barachi Venom Mage)            Turns: 5242, Time: 00:31:24

Health: -3/52      AC:  5    Str:  9    XL:     7   Next: 42%
Magic:  13/13      EV:  2    Int: 17    God:    Ashenzari [......]
Gold:   173        SH:  0    Dex: 19    Spells: 6/14 levels left

rFire    . . .     SeeInvis .   u - +3 dagger of Pereckadgh {vorpal, Dex+6} (curse)
rCold    . . .     Gourm    .   (no shield)
rNeg     . . .     Faith    .   b - +0 leather armour
rPois    .         Spirit   .   (no helmet)
rElec    .         Reflect  .   h - +0 cloak
rCorr    +         Harm     .   g - +0 pair of gloves
MR       .....                  (no boots)
Stlth    ++........             (no amulet)
HPRegen  0.17/turn              e - ring of resist corrosion
MPRegen  0.13/turn              (no ring)

@: paralysed, slow
A: +LOS, swims, slowness 1, strong legs 1
a: Hop, Curse Item, Renounce Religion


You were on level 5 of the Dungeon.
You worshipped Ashenzari.
Ashenzari was noncommittal.
You were hungry.

You visited 2 branches of the dungeon, and saw 6 of its levels.
You also visited: Ossuary.

You collected 173 gold pieces.

Inventory:

Hand Weapons
 i - a +0 long sword
 u - the cursed +3 dagger of Pereckadgh (weapon) {vorpal, Dex+6}
   (You found it on level 4 of the Dungeon)

   It inflicts extra damage upon your enemies.
   It affects your dexterity (+6).
   It has a curse placed upon it.
 v - a +2 dagger of venom
Missiles
 j - 3 boomerangs (quivered)
 A - 15 poisoned darts
Armour
 b - a +0 leather armour (worn)
 g - a +0 pair of gloves (worn)
 h - a +0 cloak (worn)
 B - a +1 robe of resistance
Jewellery
 e - a ring of resist corrosion (left hand)
 l - an uncursed ring of fire
Wands
 n - a wand of random effects (22)
 t - a wand of acid (9)
Scrolls
 a - 6 scrolls of remove curse
 k - a scroll of noise {unknown}
 o - a scroll of enchant armour {unknown}
 p - 2 scrolls of enchant weapon {unknown}
 r - a scroll of random uselessness {unknown}
 s - 2 scrolls of amnesia
 y - 2 scrolls of teleportation
Potions
 d - a potion of heal wounds
 f - 2 potions of flight
 m - 7 potions of curing
 q - a potion of magic {unknown}
 w - a potion of stabbing {unknown}
 x - a potion of brilliance {unknown}
 z - a potion of ambrosia
Comestibles
 c - 7 rations


   Skills:
 * Level 3.3 Fighting
 + Level 1.9(2.9) Short Blades
 * Level 3.6(3.9) Long Blades
 + Level 0.1 Throwing
 + Level 2.2 Armour
 + Level 3.0 Dodging
 - Level 1.7 Stealth
 * Level 4.2 Spellcasting
 * Level 2.5 Conjurations
 - Level 1.1 Transmutations
 * Level 2.4 Air Magic
 - Level 3.2 Poison Magic


You had 6 spell levels left.
You knew the following spells:

 Your Spells              Type           Power        Failure   Level  Hunger
b - Ignite Poison         Fire/Tmut/Pois #.......     34%         3    ###....
c - Mephitic Cloud        Conj/Pois/Air  ##......     21%         3    ###....
v - Poisonous Vapours     Pois/Air       ##....       10%         2    ##.....

Your spell library contained the following spells:

 Spells                   Type           Power        Failure   Level  Hunger
 Sting                    Tmut/Pois      ##..         9%          1    None
 Olgreb's Toxic Radiance  Pois           ##......     47%         4    ####...


Dungeon Overview and Level Annotations

Branches:
Dungeon (5/15)             Temple (1/1) D:4         Ossuary (visited)

Altars:
Ashenzari
Fedhas
Gozag
Hepliaklqana
Qazlal
Ru
Xom
Zin

Annotations:
D:5 Grinder


Innate Abilities, Weirdness & Mutations

You can be seen from farther away. (+LOS)
You can swim through water.
You cover ground slowly.
You can hop short distances.


Message History

You barely miss Grinder.
Grinder is almost dead.
Grinder gestures at you.
You suddenly lose the ability to move!
Grinder rolls her eyes.
Grinder gestures at you. Pain shoots through your body!
Grinder hits you but does no damage. Grinder completely misses you.
Grinder hits you!
You writhe in agony.
* * * LOW HITPOINT WARNING * * *
Grinder hits you but does no damage. Grinder hits you.
* * * LOW HITPOINT WARNING * * *
You writhe in agony.
* * * LOW HITPOINT WARNING * * *
Grinder hits you.
* * * LOW HITPOINT WARNING * * *
You writhe in agony.
You die...

###### ##.##.##
############...#..#
#.................#
#..####.####.......
#..##.....##......#
#..#.......#.......
#.5#.......#.......
#?@...._.......##..
#..#.......#..####.
#.!#.......#....###
#..##.....##....#
#..####.####......
#... ..... ........
#.......##.........
....... . ........
..... #.....W


You could see Grinder.

Vanquished Creatures
  2 water moccasin zombies (Ossuary)
  A crimson imp (D:5)
  A bullfrog zombie (D:5)
  2 hounds (D:4)
  2 orc priests (D:4)
  Jessica (D:3)
  3 orc wizards
  A worker ant (D:4)
  2 big kobold zombies (Ossuary)
  2 mummies (Ossuary)
  2 adders
  2 oozes
  7 adder zombies (Ossuary)
  3 worms
  A dart slug (D:1)
  3 leopard geckos
  6 orcs
  A giant cockroach (D:2)
  3 gnoll zombies (Ossuary)
  A goblin (D:2)
  3 hobgoblins
  6 jackals (D:2)
  A quokka (D:3)
  2 ball pythons
  A ball python skeleton (D:4)
  4 bats
  12 frilled lizards
  5 hobgoblin zombies (Ossuary)
  7 kobolds
  5 kobold zombies (Ossuary)
  5 orc zombies (Ossuary)
  9 rats
106 creatures vanquished.

Vanquished Creatures (others)
  An adder zombie (Ossuary)
  An orc zombie (Ossuary)
  A plant (D:1)
3 creatures vanquished.

Grand Total: 109 creatures vanquished

Notes
Turn   | Place    | Note
-------+----------+-------------------------------------------
     0 | D:1      | Esekla the Barachi Venom Mage began the quest for the Orb.
     0 | D:1      | Reached XP level 1. HP: 13/13 MP: 3/3
   450 | D:1      | Reached XP level 2. HP: 16/20 MP: 1/5
   526 | D:1      | Learned a level 2 spell: Poisonous Vapours
   542 | D:1      | Reached skill level 1 in Fighting
   659 | D:1      | Reached skill level 3 in Spellcasting
   778 | D:1      | Reached XP level 3. HP: 23/26 MP: 7/7
   802 | D:1      | Learned a level 3 spell: Mephitic Cloud
   806 | D:1      | Learned a level 3 spell: Ignite Poison
   909 | D:2      | Found an opulent altar of Gozag.
  1081 | D:2      | Reached skill level 1 in Conjurations
  1084 | D:2      | Reached skill level 1 in Air Magic
  1104 | D:2      | Reached XP level 4. HP: 30/32 MP: 3/9
  1713 | D:1      | Reached skill level 1 in Long Blades
  2286 | D:3      | Noticed Jessica
  2292 | D:3      | Killed Jessica
  2292 | D:3      | Reached XP level 5. HP: 24/37 MP: 5/10
  2411 | D:3      | Reached skill level 1 in Armour
  2694 | D:4      | Found a staircase to the Ecumenical Temple.
  2703 | Temple   | Entered the Ecumenical Temple
  2714 | Temple   | Became a worshipper of Ashenzari the Shackled
  2800 | D:4      | Reached XP level 6. HP: 23/44 MP: 6/11
  2818 | D:4      | Got the cursed dagger of Pereckadgh {vorpal, Dex+6}
  2819 | D:4      | Identified the cursed +3 dagger of Pereckadgh {vorpal,
                  | Dex+6} (You found it on level 4 of the Dungeon)
  3049 | D:4      | Found a sand-covered staircase.
  3074 | Ossuary  | Entered an ossuary
  3136 | Ossuary  | Reached skill level 4 in Spellcasting
  3246 | Ossuary  | Reached skill level 1 in Short Blades
  3453 | Ossuary  | Reached XP level 7. HP: 36/52 MP: 13/13
  5149 | D:5      | Entered Level 5 of the Dungeon
  5212 | D:5      | Found a hazy altar of Hepliaklqana.
  5213 | D:5      | Noticed a hungry ghost
  5223 | D:5      | Noticed Grinder
  5235 | D:5      | Paralysed by Grinder for 7 turns
  5242 | D:5      | HP: 1/52 [Grinder (3)]
  5242 | D:5      | Slain by Grinder

Illustrated notes

Levels and vault maps discovered:
D:1:      ebering_trefoil_3fold, layout_basic, minmay_lizard_king
D:2:      layout_rooms, nicolae_gozag_cash_rules_everything_around_me,
          first_ration, chequers_arboretum
D:3:      layout_basic, kennysheep_jessica_study
D:4:      layout_basic, minmay_temple_entry_proselytizer,
          chequers_ossuary_entry_cave, minmay_misc_feat_nine_boxes
D:5:      layout_cave_pools, lightli_temple_of_fire, okawaru_ov_weapons_minmay,
          old_standard_altar, cheibriados_altar_1, uniq_grinder
Temple:   compressed_dpeg_triangle_lava_temple

Skill      XL: |  1  2  3  4  5  6  7 |
---------------+----------------------+-----
Fighting       | 1 2 3 |  3.3
Spellcasting   | 3 4 |  4.2
Conjurations   | 1 2 |  2.5
Air Magic      | 1 2 |  2.4
Long Blades    | 2 3 |  3.6
Armour         | 1 2 |  2.2
Short Blades   | 1 |  1.9
Dodging        | 3 |  3.0
Throwing       | |  0.1
Stealth        | |  1.7
Transmutations | |  1.1
Poison Magic   | |  3.2

Action                   |  1- 3 |  4- 6 |  7- 9 || total
-------------------------+-------+-------+-------++-------
Melee: Short sword       |    43 |       |       ||    43
       Long sword        |    27 |    78 |       ||   105
       Dagger            |       |   110 |   115 ||   225
Throw: Boomerang         |       |     2 |     5 ||     7
 Cast: Sting             |     6 |       |       ||     6
       Poisonous Vapours |    11 |    21 |       ||    32
       Mephitic Cloud    |       |     2 |       ||     2
  Use: Scroll            |     2 |     3 |     2 ||     7
       Potion            |       |       |     1 ||     1
 Stab: Confused          |       |     1 |       ||     1
       Sleeping          |       |     1 |     2 ||     3
  Eat: Chunk             |     1 |     5 |     1 ||     7
       Ration            |       |     2 |     1 ||     3
Armor: Leather armour    |    32 |    59 |    14 ||   105
Dodge: Dodged            |    48 |   107 |    47 ||   202
       Rpst.: Long sword |    10 |    21 |       ||    31
